 Dungeon Crawl Stone Soup version 0.21.1-1-g345015f (webtiles) character file.

29 inc the Ducker (level 3, 15/15 HPs)
             Began as a Felid Transmuter on June 9, 2018.
             Quit the game on level 2 of the Dungeon.
             The game lasted 00:01:40 (1820 turns).

inc the Ducker (Felid Transmuter)                   Turns: 1820, Time: 00:01:41

Health: 15/15      AC:  1    Str:  7    XL:     3   Next: 1%
Magic:  7/7        EV: 21    Int: 14    God:
Gold:   130        SH:  0    Dex: 16    Spells: 5/6 levels left
                                        Lives:  0   Deaths: 1

rFire    . . .     SeeInvis +     - Unarmed
rCold    . . .     Gourm    .   (shield unavailable)
rNeg     . . .     Faith    .   (armour unavailable)
rPois    .         Spirit   .   (helmet unavailable)
rElec    .         Reflect  .   (cloak unavailable)
rCorr    .         Harm     .   (gloves unavailable)
MR       .....                  (boots unavailable)
Stlth    ++........             (no amulet)
HPRegen  0.05/turn              (no ring)
MPRegen  0.10/turn              (no ring)

@: quick
A: very small, no armour, no weapons or thrown items, stealth, claws 1, fangs 3,
see invisible, carnivore, speed 1, shaggy fur 1, slow metabolism 1, sharp paws
a: no special abilities


You were on level 2 of the Dungeon.
You were not hungry.

You visited 1 branch of the dungeon, and saw 2 of its levels.

You collected 130 gold pieces.

Inventory:

Missiles
 a - 49 arrows
Jewellery
 g - an uncursed ring of see invisible {unknown}
Scrolls
 d - 2 scrolls of fear {unknown}
 e - a scroll of random uselessness {unknown}
 f - a scroll of blinking {unknown}
 i - 4 scrolls of teleportation {unknown}
 j - a scroll of enchant armour {unknown}
 k - a scroll of enchant weapon {unknown}
 n - a scroll of identify {unknown}
Potions
 h - 2 potions of brilliance {unknown}
 l - 3 potions of curing {unknown}
 m - 2 potions of resistance {unknown}
Books
 b - a book of Changes

   Spells                             Type                      Level
   a - Beastly Appendage              Transmutation                1
   b - Sticks to Snakes               Transmutation                2
   c - Spider Form                    Transmutation/Poison         3
   d - Ice Form                       Ice/Transmutation            4
   e - Blade Hands                    Transmutation                5
Comestibles
 c - 5 rations


   Skills:
 - Level 1.0 Fighting
 + Level 5.8 Dodging
 - Level 3.0 Unarmed Combat
 - Level 2.0 Spellcasting
 - Level 2.1 Transmutations


You had 5 spell levels left.
You knew the following spells:

 Your Spells              Type           Power        Failure   Level  Hunger
a - Beastly Appendage     Tmut           #.....       10%         1    ##.....


Dungeon Overview and Level Annotations

Branches:
Dungeon (2/15)

Altars:

Annotations:
D:2 Natasha


Innate Abilities, Weirdness & Mutations

You cannot wear armour.
You are incapable of wielding weapons or throwing items.
Your paws allow you to move quietly. (Stealth)
You have sharp claws.
You have razor-sharp teeth.
You have supernaturally acute eyesight. (SInv)
You are carnivorous and can eat meat at any time.
You cover ground quickly.
You are covered in fur. (AC +1)
You have a slow metabolism.
Your sharp claws are effective at attacking unaware monsters.


Message History

You closely miss Natasha. Natasha closely misses you.
You scratch Natasha.
Natasha is lightly wounded.
Natasha claws you.
You scratch Natasha.
Natasha is heavily wounded.
You scratch Natasha. Your headbutt misses Natasha.
Natasha is severely wounded.
Natasha casts a spell at you. The magic dart hits you!
You scratch Natasha.
Natasha is almost dead.
Natasha stares at you and mumbles some strange words.
The magic dart hits you!
You die...
Your shape twists and changes as you die.
You are now level 3!
Your horns disappear.
You rejoin the land of the living...
Are you sure you want to abandon this character and quit the game? (Confirm with "yes".)

#.######.# #.######.#
###......#.# #......#.#.#
#...##.#.#.# #####
##...##.#.#.### ...#
#.....#........
#####.######..........###
#.......@..(......>.### #
#(###.#######)####.######
#.# #.# #.# #.##..†. #.# #.#
##+## #.##.### #.# #.#
##...###.##.### #.##.###.#
##.....##....... #........#
##.......####.#.#
####....####.........###....
#.................+......


There were no monsters in sight!

Vanquished Creatures
  Natasha (D:2)
  An adder (D:2)
  An ooze (D:1)
  A worm (D:2)
  3 leopard geckos
  A giant cockroach (D:1)
  2 hobgoblins (D:1)
  3 bats
  A frilled lizard (D:1)
  3 goblins
  3 kobolds
  9 rats
29 creatures vanquished.

Notes
Turn   | Place    | Note
-------+----------+-------------------------------------------
     0 | D:1      | inc the Felid Transmuter began the quest for the Orb.
     0 | D:1      | Reached XP level 1. HP: 9/9 MP: 4/4
    59 | D:1      | Reached skill level 3 in Dodging
   117 | D:1      | Reached XP level 2. HP: 4/12 MP: 4/6
   441 | D:1      | Reached skill level 4 in Dodging
  1179 | D:2      | Reached XP level 3. HP: 8/15 MP: 7/7
  1583 | D:2      | Noticed Natasha
  1593 | D:2      | Killed Natasha
  1593 | D:2      | Reached skill level 5 in Dodging
  1671 | D:2      | Reached XP level 4. HP: 13/19 MP: 6/8
  1811 | D:2      | Noticed Natasha
  1819 | D:2      | Killed from afar by Natasha
  1820 | D:2      | Reached XP level 3. HP: 0/15 MP: 7/7
  1820 | D:2      | Quit the game

Skill      XL: |  1  2  3 |
---------------+----------+-----
Dodging        | 3 4 5 |  5.8
Fighting       | |  1.0
Unarmed Combat | |  3.0
Spellcasting   | |  2.0
Transmutations | |  2.1

Action                   |  1- 3 |  4- 6 || total
-------------------------+-------+-------++-------
Melee: Unarmed           |    96 |     5 ||   101
       Bite              |     4 |       ||     4
       Headbutt          |     6 |       ||     6
 Cast: Beastly Appendage |     8 |     1 ||     9
 Stab: Sleeping          |     6 |       ||     6
Armor: Skin              |     5 |       ||     5
Dodge: Dodged            |    85 |     2 ||    87
